 Dungeon Crawl Stone Soup version 0.30-b1-2-g02819fbbbe (webtiles) character file.

Game seed: 11663348538193763947

3 dorian the Insei (level 1, 0/13 HPs)
             Began as an Octopode Transmuter on May 13, 2023.
             Slain by a jackal (2 damage)
             ... on level 1 of the Dungeon.
             The game lasted 00:00:13 (102 turns).

dorian the Insei (Octopode Transmuter)               Turns: 102, Time: 00:00:13

Health: 0/13       AC:  1    Str:  9    XL:     1   Next: 50%
Magic:  2/3        EV: 13    Int: 15    God:
Gold:   12         SH:  0    Dex: 12    Spells: 3/4 levels left

rFire   . .          .
                       - Unarmed
rCold   . . .        (no shield)
rNeg    . . .        (helmet restricted)
rPois   .            (no amulet)
rElec   .            (no ring)
rCorr   .            (no ring)
SInv    .            (no ring)
Will    .....        (no ring)
Stlth   ++           (no ring)
HPRegen 0.22/turn    (no ring)
MPRegen 0.08/turn    (no ring)
                     (no ring)

%: no passive effects
@: no status effects
A: almost no armour, amphibious, 8 rings, camouflage 1, gelatinous body 1,
(nimble swimmer 1), tentacles
a: no special abilities


You were on level 1 of the Dungeon.
You visited 1 branch of the dungeon, and saw 1 of its levels.

You collected 12 gold pieces.

Inventory:

Potions
 a - a potion of lignification


   Skills:
 + Level 1.1 Fighting
 - Level 2.0 Dodging
 + Level 3.0 Unarmed Combat
 - Level 2.0 Spellcasting
 + Level 2.1 Transmutations


You had 3 spell levels left.
You knew the following spells:

 Your Spells              Type           Power      Damage    Failure   Level
a - Beastly Appendage     Tmut           14%        N/A       10%         1

Your spell library contained the following spells:

 Spells                   Type           Power      Damage    Failure   Level
 Wereblood                Tmut           7%         N/A       14%         2
 Spider Form              Tmut/Pois      4%         N/A       41%         3
 Ice Form                 Ice/Tmut       4%         N/A       82%         4


Dungeon Overview and Level Annotations

Branches:
Dungeon (1/15)

Altars:


Innate Abilities, Weirdness & Mutations

You cannot wear most types of armour.
You are amphibious.
You can wear up to eight rings at the same time.
Your skin changes colour to match your surroundings (Stealth+).
Your rubbery body absorbs attacks. (AC +1, EV +1)
((You are camouflaged when in or above water. (Stealth+)))
You have tentacles for arms and can constrict up to eight enemies at once.


Message History

You open the door.
A frilled lizard comes into view.
There is an open door here.
A frilled lizard is nearby!
A frilled lizard is nearby!
A frilled lizard is nearby!
Casting: Beastly Appendage (safe; 10% risk of failure)
Confirm with . or Enter, or press ? or * to list all spells.
You miscast Beastly Appendage.
You are very lightly contaminated with residual magic.
Nothing appears to happen.
A rat and a goblin come into view.
Found a pink potion.
A kobold, a jackal and a giant cockroach come into view.
Found a scroll labelled QEXORO GOLIYH.
Found Ozocubu's Autobiography.
The kobold shouts!
The jackal barks!
The frilled lizard hisses angrily.
You hear a shout!
A ball python comes into view.
A jackal comes into view.
The ball python hisses angrily.
A goblin comes into view. It is wielding a +4 dagger.
Found 11 gold pieces.
The goblin shouts! x2
The frilled lizard misses you.
You closely miss the frilled lizard.
The jackal barks!
You grab the frilled lizard. You tentacle-slap the frilled lizard.
You kill the frilled lizard!
The goblin hits you with a +0 dagger.
You barely miss the jackal. Your grab misses the jackal. The jackal bites you.
The goblin barely misses you. The rat barely misses you.
The rat attacks as you move away! The rat misses you.
The jackal attacks as you move away! The jackal bites you.
The giant cockroach bites you. The goblin hits you with a +0 dagger.
The jackal bites you.
* * * LOW HITPOINT WARNING * * *
Your magical contamination has completely faded away.
The giant cockroach bites you but does no damage.
The jackal attacks as you move away! The jackal bites you.
You die...

#........:.
#......?...
#..........
#..........
#.hg.......
#####..........
......rgKS.....
.......hB......
!......@#######
........#####
........'...#
........###.###
........#
#(..########
........#
#...........
#########
#.#.########
#.#.#
#######'#.#######
.


You could see 2 jackals, a giant cockroach, 2 goblins, a ball python, a kobold
and a rat.

Vanquished Creatures
  A goblin (D:1)
  A ball python (D:1)
  A bat (D:1)
  A frilled lizard (D:1)
4 creatures vanquished.

Notes
Turn   | Place    | Note
-------+----------+-------------------------------------------
     0 | D:1      | dorian the Octopode Transmuter began the quest for the Orb.
     0 | D:1      | Reached XP level 1. HP: 13/13 MP: 3/3
   102 | D:1      | Slain by a jackal

Illustrated notes

Levels and vault maps discovered:
D:1:      spicycebolla_arrival_ecumenical, layout_basic, minmay_heptomino_o4

Action                     || total
---------------------------++-------
  Melee: Unarmed           ||     7
         Constrict         ||     3
         Tentacles         ||     2
         Punch             ||     1
   Cast: Beastly Appendage ||     2
   Stab: Sleeping          ||     1
 Armour: Skin              ||     3
  Dodge: Dodged            ||    11
